 Dungeon Crawl Stone Soup version 0.31-a0-543-geaa9c7a2c0 (webtiles) character file.

Game seed: 17634530148963476290

335 AdnanSaban the Cudgeller (level 6, -5/38 HPs)
             Began as a Gargoyle Fighter on Aug 15, 2023.
             Slain by Duvessa
             ... wielding a +0 rapier
              (7 damage)
             ... on level 4 of the Dungeon.
             The game lasted 00:03:07 (2632 turns).

AdnanSaban the Cudgeller (Gargoyle Fighter)         Turns: 2632, Time: 00:03:07

Health: -5/38      AC: 21    Str: 22    XL:     6   Next: 53%
Magic:  6/6        EV: 10    Int:  8    God:
Gold:   140        SH:  0    Dex:  9    Spells: 5/5 levels left

rFire   . . .        l - +1 dire flail (protect)
rCold   . . .        (shield currently unavailable)
rNeg    + . .        b - +0 scale mail
rPois   ∞            s - +1 helmet
rElec   +            p - +0 cloak
rCorr   .            (no gloves)
SInv    .            (no boots)
Will    .....        (no amulet) Stlth
                     (no ring)
HPRegen 0.26/turn    (no ring)
MPRegen 0.10/turn

%: no passive effects
@: under a protective aura, studying Earth Magic
A: sickness immunity, AC +4, negative energy resistance 1, electricity
resistance, torment resistance 1, petrification resistance
a: no special abilities


You were on level 4 of the Dungeon.
You visited 1 branch of the dungeon, and saw 4 of its levels.

You collected 140 gold pieces.

Inventory:

Hand Weapons
 a - a +0 flail
 l - a +1 dire flail of protection (weapon)
Missiles
 f - a poisoned dart (quivered)
 g - a throwing net
 r - 6 boomerangs
Armour
 b - a +0 scale mail (worn)
 c - a +0 buckler
 p - a +0 cloak (worn)
 s - a +1 helmet (worn)
Scrolls
 e - 2 scrolls of vulnerability {unknown}
 h - 2 scrolls of identify {unknown}
 i - a scroll of torment {unknown}
 j - a scroll of enchant weapon {unknown}
 n - a scroll of enchant armour {unknown}
 q - 2 scrolls of silence {unknown}
Potions
 d - 2 potions of might
 k - a potion of curing {unknown}
 m - a potion of heal wounds {unknown}
 o - a potion of cancellation {unknown}
 t - a potion of lignification {unknown}


   Skills:
 + Level 4.1 Fighting
 + Level 4.8 Maces & Flails
 + Level 4.2 Armour
 + Level 1.5 Dodging
 + Level 3.9 Shields


You had 5 spell levels left.
You didn't know any spells.
Your spell library contained the following spells:

 Spells                   Type           Power      Damage    Failure   Level
 Inner Flame              Hex/Fire       0%         N/A       97%         3
 Yara's Violent Unravell  Hex/Tmut       0%         3d3       100%        5
 Enfeeble                 Hex            0%         N/A       100%        7


Dungeon Overview and Level Annotations

Branches:
Dungeon (4/15)
 Temple: D:4-7

Altars:

Annotations:
D:4 Duvessa


Innate Abilities, Weirdness & Mutations

You are immune to sickness and miasma.
Your stone body is resilient. (AC +4)
You are immune to poison.
You resist negative energy. (rN+)
You are resistant to electric shocks. (rElec)
You are resistant to unholy torment.
You are immune to petrification.


Message History

You are too injured to fight recklessly!
You are too injured to fight recklessly!
Something hits the orc.
Something freezes the orc.
You hit the orc.
Your weapon exudes an aura of protection.
You kill the orc!
Reactivating autopickup.
Things that are here:
a +0 hand axe; an orc corpse Duvessa shouts!
Duvessa goes berserk!
Things that are here:
a +2 dagger of freezing; a +0 robe
Items here: )) [[ †.
Items here: $ )))) [[ †††.
Duvessa rages.
You barely miss Duvessa. Duvessa barely misses you.
Duvessa hits you with a +0 rapier.
You thump Duvessa!
Your weapon exudes an aura of protection.
Duvessa is lightly wounded.
Duvessa hits you but does no damage.
You completely miss Duvessa.
Duvessa is lightly wounded.
Duvessa barely misses you. x2
You puncture Duvessa!
Duvessa is moderately wounded.
Duvessa hits you with a +0 rapier.
You barely miss Duvessa.
Duvessa is moderately wounded.
Duvessa hits you with a +0 rapier!
* * * LOW HITPOINT WARNING * * *
Duvessa hits you but does no damage.
You barely miss Duvessa.
Duvessa is moderately wounded.
Duvessa hits you but does no damage.
You hit Duvessa but do no damage.
Duvessa is moderately wounded.
Duvessa hits you with a +0 rapier!
You die...

#....##...###.#
#....##...##..# #######
#....##...#..##
#.....#####...##...#'####
#.##......##........# #
#)##.....###........#
.###.###)##....†# #........#
.......))##.....###........#
........)).e@....##........#
.......###)#+#+#.##........#
?...... #.# #.###.#######
....... #.# #.#.#...#
....... #.# #..>..###
.###'#. #.# ####### #.#. #.#
.... #.# #.#


You could see Duvessa (berserk).

Vanquished Creatures
  Dowan (D:4)
  Jessica (D:2)
  Terence (D:2)
  An orc wizard (D:4)
  Robin (D:3)
  4 gnolls (D:2)
  5 adders
  An ufetubus (D:4)
  A worm (D:4)
  2 dart slugs
  14 orcs (D:4)
  6 bats
  7 endoplasms
  2 giant cockroaches
  16 goblins
  8 hobgoblins
  4 quokkas
  4 ball pythons
  2 frilled lizards (D:1)
  8 kobolds
  5 rats
94 creatures vanquished.

Vanquished Creatures (others)
  2 orc wizards (D:4)
2 creatures vanquished.

Grand Total: 96 creatures vanquished

Notes
Turn   | Place    | Note
-------+----------+-------------------------------------------
     0 | D:1      | AdnanSaban the Gargoyle Fighter began the quest for the
                  | Orb.
     0 | D:1      | Reached XP level 1. HP: 14/14 MP: 1/1
   238 | D:1      | Reached XP level 2. HP: 19/19 MP: 2/2
   780 | D:2      | Reached XP level 3. HP: 24/24 MP: 3/3
   806 | D:2      | Noticed Jessica
   808 | D:2      | Killed Jessica
   859 | D:2      | Reached XP level 4. HP: 28/29 MP: 4/4
  1077 | D:2      | Noticed Terence
  1083 | D:2      | Killed Terence
  1084 | D:2      | Reached XP level 5. HP: 33/33 MP: 5/5
  1173 | D:2      | Reached skill level 1 in Dodging
  1305 | D:2      | Found a faded altar of an unknown god.
  2034 | D:4      | Noticed Robin
  2049 | D:3      | Killed Robin
  2063 | D:4      | Noticed Dowan
  2172 | D:4      | Noticed Duvessa
  2301 | D:4      | Reached XP level 6. HP: 32/38 MP: 6/6
  2342 | D:4      | Killed Dowan
  2630 | D:4      | HP: 1/38 [Duvessa/+0 rapier (13)]
  2632 | D:4      | Slain by Duvessa

Illustrated notes

Levels and vault maps discovered:
D:1:      evilmike_arrival_plus, layout_basic, minmay_pentomino_v4
D:2:      layout_loops_ring, chequers_ecumenical_altar_twisty, kennysheep_nub,
          uniq_jessica, uniq_terence
D:3:      layout_rooms
D:4:      layout_basic, minmay_temple_entry_fiery, uniq_duvessa, uniq_natasha,
          uniq_robin

Skill      XL: |  1  2  3  4  5 |
---------------+----------------+-----
Maces & Flails | 3 4 |  4.8
Fighting       | 4 |  4.1
Dodging        | 1 |  1.5
Armour         | 4 |  4.2
Shields        | |  3.9

Action                     |  1- 3 |  4- 6 || total
---------------------------+-------+-------++-------
  Melee: Flail             |    52 |       ||    52
         Dire flail        |    13 |   257 ||   270
  Throw: Dart              |       |     1 ||     1
 Armour: Scale mail        |    50 |   224 ||   274
  Dodge: Dodged            |    45 |   176 ||   221
  Block: Buckler           |    14 |       ||    14

Table legend: (Time is in decaauts)
 A = Elapsed time spent in this place.
 B = Non-inter-level travel time spent in this place.
 C = Inter-level travel time spent in this place.
 D = Time resting spent in this place.
 E = Time spent auto-exploring this place.
 F = Levels seen in this place.
 G = Mean time per level.
                   A        B        C        D        E       F      G
               +--------+--------+--------+--------+--------+-----+--------+
         Total |   2679 |   2516 |    163 |      0 |   1831 |   4 |  669.8 |
       Dungeon |   2679 |   2516 |    163 |      0 |   1831 |   4 |  669.8 |
               +--------+--------+--------+--------+--------+-----+--------+

Top non-repeatable levels by time:
     D:2: 851 daAuts
     D:1: 771 daAuts
     D:3: 629 daAuts
     D:4: 427 daAuts
